 Dungeon Crawl Stone Soup version 0.23.2-33-g5129a83184 (webtiles) character file.

Game seed: 9148222745659052951

37 H0rd4k the Charlatan (level 3, -1/26 HPs)
             Began as a Human Artificer on Aug 5, 2019.
             Shot with an arrow by a centaur (7 damage)
             ... on level 4 of the Dungeon.
             The game lasted 00:01:44 (980 turns).

H0rd4k the Charlatan (Human Artificer)               Turns: 980, Time: 00:01:44

Health: -1/26      AC:  3    Str: 13    XL:     3   Next: 62%
Magic:  5/5        EV: 12    Int: 11    God:
Gold:   34         SH:  0    Dex: 13    Spells: 2/2 levels left

rFire    . . .     SeeInvis .   a - +0 short sword
rCold    . . .     Gourm    .   (no shield)
rNeg     . . .     Faith    .   b - +0 leather armour
rPois    .         Spirit   .   (no helmet)
rElec    .         Reflect  .   (no cloak)
rCorr    .         Harm     .   (no gloves)
MR       .....                  (no boots)
Stlth    +.........             (no amulet)
HPRegen  0.08/turn              (no ring)
MPRegen  0.09/turn              (no ring)

@: no status effects
A: no striking features
a: no special abilities


You were on level 4 of the Dungeon.
You were not hungry.

You visited 1 branch of the dungeon, and saw 3 of its levels.

You collected 34 gold pieces.

Inventory:

Hand Weapons
 a - a +0 short sword (weapon)
Armour
 b - a +0 leather armour (worn)
 h - a +0 pair of gloves
Wands
 c - a wand of flame (15)
 d - a wand of enslavement (13)
 e - a wand of random effects (15)
Scrolls
 k - a scroll of fear {unknown}
 l - a scroll of fog {unknown}
 m - 2 scrolls of identify {unknown}
 o - a scroll of enchant armour {unknown}
 p - a scroll of noise {unknown}
 r - a scroll of teleportation {unknown}
 s - a scroll of remove curse {unknown}
Potions
 g - a potion of mutation {unknown}
 i - 2 potions of curing {unknown}
 j - 3 potions of heal wounds {unknown}
 n - 2 potions of lignification {unknown}
 q - a potion of berserk rage {unknown}
Comestibles
 f - 4 rations


   Skills:
 + Level 1.0 Fighting
 + Level 1.5 Short Blades
 + Level 0.2 Armour
 + Level 2.2 Dodging
 + Level 1.0 Stealth
 + Level 3.9 Evocations


You had 2 spell levels left.
You didn't know any spells.
Your spell library was empty.

Dungeon Overview and Level Annotations

Branches:
Dungeon (2/15)             Temple (0/1) D:4

Altars:
Elyvilon
Yredelemnul

Shops:
D:4 }


Message History

Attack!
Your worker ant barely misses the orc.
The orc hits your worker ant with a +0 whip.
Your worker ant closely misses the orc.
The orc misses your worker ant.
Your worker ant bites the orc!
The orc dies!
The orc throws a stone.
The stone closely misses your worker ant.
The stone barely misses you.
Your worker ant bites the orc.
Something barely misses your worker ant.
The orc barely misses your worker ant.
Your worker ant bites the orc.
The orc dies!
You see here a stone.
Your worker ant barely misses something.
A centaur comes into view.
Something barely misses the howler monkey.
The centaur shouts!
The centaur wields a cursed -2 shortbow.
The centaur shoots an arrow.
The arrow hits you!
You die...

#.###
##.........[.)......≈#
###
.....#..#...h#.##.####
...####....a.#..# .# .
....# #...h###+## #
......###....#
....>.......(.#
.c.......# .........#
........@# ......./##
##.....## #..##..
...#... #...... ......
....


You could see a centaur, a howler monkey and a friendly worker ant.

Vanquished Creatures
  An ooze (D:4)
  A worm (D:2)
  2 dart slugs (D:1)
  A leopard gecko (D:1)
  An orc (D:4)
  4 goblins (D:1)
  3 kobolds
  A ball python (D:2)
  2 bats
  3 frilled lizards (D:1)
  A quokka skeleton (D:4)
  3 rats (D:1)
23 creatures vanquished.

Vanquished Creatures (collateral kills)
  2 orcs (D:4)
2 creatures vanquished.

Vanquished Creatures (others)
  An adder (D:4)
1 creature vanquished.

Grand Total: 26 creatures vanquished

Notes
Turn   | Place    | Note
-------+----------+-------------------------------------------
     0 | D:1      | H0rd4k the Human Artificer began the quest for the Orb.
     0 | D:1      | Reached XP level 1. HP: 15/15 MP: 3/3
    62 | D:1      | Reached XP level 2. HP: 18/21 MP: 4/4
   567 | D:1      | Reached XP level 3. HP: 25/26 MP: 5/5
   665 | D:2      | Found a basalt altar of Yredelemnul.
   759 | D:2      | Found a white marble altar of Elyvilon.
   846 | D:2      | You fall through a shaft for 2 floors!
   929 | D:4      | Found Anorphe's Gadget Shop.
   947 | D:4      | Found a staircase to the Ecumenical Temple.
   979 | D:4      | Noticed a centaur
   980 | D:4      | Shot with an arrow by a centaur

Action                   || total
-------------------------++-------
Melee: Short sword       ||   102
Evoke: Wand              ||     2
 Stab: Sleeping          ||     1
Armor: Leather armour    ||    21
Dodge: Dodged            ||    73
